 Dungeon Crawl Stone Soup version 0.26-a0-1020-ge47f559bc5 (webtiles) character file.

Game seed: 8565497385760399052

7643 Morbidden the Destroyer (level 10, -1/84 HPs)
             Began as a Green Draconian Conjurer on Dec 8, 2020.
             Was a Priest of Qazlal.
             Slain by a death yak (27 damage)
             ... on level 10 of the Dungeon.
             The game lasted 00:24:51 (16733 turns).

Morbidden the Destroyer (Green Draconian Conjurer) Turns: 16733, Time: 00:24:52

Health: -1/84      AC:  8    Str:  9    XL:     10   Next: 99%
Magic:  3/21       EV: 14    Int: 22    God:    Qazlal [***...]
Gold:   667        SH:  3    Dex: 10    Spells: 21/24 levels left

rFire    . . .     SeeInvis .     - Unarmed
rCold    . . .     Faith    .   (no shield)
rNeg     . . .     Spirit   .   (armour unavailable)
rPois    +         Reflect  .   (helmet restricted)
rElec    .         Harm     .   r - scarf {+Inv}
rCorr    .         Rampage  .   o - +0 pair of gloves
Will     .....                  (no boots)
Stlth    ++........             (no amulet)
HPRegen  0.24/turn              (no ring)
MPRegen  0.17/turn              (no ring)

@: no status effects
A: breathe noxious fumes, unfitting armour, poison resistance, cold-blooded, AC
+7
a: Breathe Noxious Fumes, Upheaval, Elemental Force, Renounce Religion, Evoke
Invisibility


You were on level 10 of the Dungeon.
You worshipped Qazlal.
Qazlal was most pleased with you.
You visited 2 branches of the dungeon, and saw 11 of its levels.

You collected 667 gold pieces.

Inventory:

Missiles
 l - 6 javelins
 u - 31 poisoned darts
 J - 2 curare-tipped darts
Armour
 o - a +0 pair of gloves (worn)
 r - a scarf of invisibility (worn)
Wands
 v - a wand of digging (7)
 x - a wand of flame (17)
 y - a wand of polymorph (4)
 H - a wand of paralysis (2)
 I - a wand of acid (13)
Scrolls
 a - 3 scrolls of remove curse
 b - 3 scrolls of identify
 c - 4 scrolls of noise {unknown}
 f - a scroll of fog {unknown}
 g - 4 scrolls of magic mapping {unknown}
 h - 6 scrolls of teleportation
 k - 2 scrolls of immolation {unknown}
 m - 5 scrolls of enchant weapon {unknown}
 q - 3 scrolls of enchant armour {unknown}
 t - 2 scrolls of blinking {unknown}
 w - 2 scrolls of random uselessness {unknown}
 D - a scroll of brand weapon {unknown}
 E - 2 scrolls of vulnerability {unknown}
Potions
 d - 2 potions of cancellation
 e - a potion of haste
 i - 3 potions of curing
 j - 2 potions of degeneration
 n - a potion of lignification {unknown}
 p - 2 potions of attraction
 s - 2 potions of magic
 z - a potion of brilliance {unknown}
 A - a potion of experience {unknown}
 B - a potion of invisibility {unknown}
 C - 2 potions of might
 F - a potion of ambrosia {unknown}
 G - a potion of heal wounds


   Skills:
 * Level 6.6 Fighting
 + Level 0.7 Throwing
 * Level 6.3 Dodging
 - Level 3.5 Stealth
 + Level 0.6 Shields
 + Level 6.6 Unarmed Combat
 * Level 7.9 Spellcasting
 * Level 8.7 Conjurations
 * Level 4.8 Invocations


You had 21 spell levels left.
You knew the following spells:

 Your Spells              Type           Power        Failure   Level
a - Magic Dart            Conj           ####         1%          1
b - Searing Ray           Conj           #####.       1%          2

Your spell library contained the following spells:

 Spells                   Type           Power        Failure   Level
 Dazzling Flash           Conj/Hex       ####..       3%          3
 Animate Skeleton         Necr           #.....       8%          1
 Apportation              Tloc           #.....       8%          1
 Corona                   Hex            #......      8%          1
 Summon Small Mammal      Summ           #...         8%          1
 Fulminant Prism          Conj/Hex       ####......   13%         4
 Iskenderun's Mystic Bla  Conj/Tloc      ####....     13%         4


Dungeon Overview and Level Annotations

Branches:
Dungeon (10/15)            Temple (1/1) D:6
   Lair: D:8-11         Orc: D:9-12

Altars:
Ashenzari
Cheibriados
Dithmenos
Elyvilon
Fedhas
Gozag
Hepliaklqana
Kikubaaqudgha
Makhleb
Nemelex Xobeh
Okawaru
Qazlal
Sif Muna
Trog
Vehumet
Wu Jian
Xom
Zin

Annotations:
D:3 exclusion: ice beast


Innate Abilities, Weirdness & Mutations

You can breathe blasts of noxious fumes.
Your lurid green scales are hard. (AC +7)
You cannot fit into any form of body armour.
Your system is resistant to poisons. (rPois)
You are cold-blooded and may be slowed by cold attacks.


Message History

Aiming: Searing Ray (safe; 1% risk of failure)
Press: ? - help, Shift-Dir - straight line, f/p - death yak
Aim: a death yak (heavily wounded, 6% to evade)
The searing ray hits the death yak.
The death yak is severely wounded. (Press . to maintain the ray.)
The death yak barely misses you.
The searing ray hits the death yak.
The death yak is severely wounded.
The death yak misses you.
Without enough magic to sustain it, your searing ray dissipates.
The death yak misses you.
Unknown command.
The death yak gores you!! You block the death yak's attack.
The death yak gores you!
* * * LOW HITPOINT WARNING * * *
Unknown command.
The death yak gores you!!
You die...

########################
.......@Y...............
....#####...°.....######
. #.........# #
#...####..# # #...# #..#
# #...# #..# # #...#
#..# # #...# #..# #
....# #..######


You could see a death yak.

Vanquished Creatures
  3 trolls
  A hornet (D:8)
  The ghost of Flure the Insei, an amateur DgTm (D:4)
  4 slime creatures
  Sigmund (D:4)
  6 yaks (D:7)
  A soldier ant (D:9)
  A water moccasin (D:9)
  A black bear (D:9)
  3 ice beasts
  3 sky beasts
  2 orc warriors
  A necrophage (D:9)
  3 phantoms
  3 ogres
  3 centaurs
  4 big kobolds
  5 bullfrogs
  Blork the orc (D:6)
  A wyvern skeleton (D:10)
  A scorpion (D:5)
  10 wights
  5 howler monkeys
  4 bullfrog zombies
  A quasit (D:10)
  A centaur skeleton (D:8)
  4 jellies
  9 orc priests
  4 hounds
  A bullfrog skeleton (D:7)
  2 iguanas
  6 worker ants
  9 orc wizards
  3 hound skeletons
  Robin (D:3)
  A worker ant zombie (D:5)
  A howler monkey skeleton (D:10)
  3 gnolls (D:7)
  14 adders
  3 shadow imps
  A white imp (D:7)
  An ooze (D:1)
  3 dart slugs
  6 worms
  7 leopard geckos
  59 orcs
  3 ball pythons
  7 bats
  9 giant cockroaches
  19 goblins
  15 hobgoblins
  16 jackals
  8 quokkas
  10 frilled lizards
  A jackal skeleton (D:3)
  44 kobolds
  5 rats
345 creatures vanquished.

Vanquished Creatures (others)
  7 plants (D:5)
7 creatures vanquished.

Grand Total: 352 creatures vanquished

Notes
Turn   | Place    | Note
-------+----------+-------------------------------------------
     0 | D:1      | Morbidden the Draconian Conjurer began the quest for the
                  | Orb.
     0 | D:1      | Reached XP level 1. HP: 14/14 MP: 3/3
   188 | D:1      | Reached XP level 2. HP: 18/22 MP: 1/5
   333 | D:1      | Reached skill level 1 in Fighting
   536 | D:1      | Learned a level 2 spell: Searing Ray
   639 | D:1      | Reached XP level 3. HP: 28/28 MP: 1/6
  1538 | D:2      | Found a sparkling altar of Nemelex Xobeh.
  1772 | D:2      | Found a faded altar of an unknown god.
  1894 | D:2      | Reached XP level 4. HP: 34/35 MP: 1/7
  3486 | D:3      | Noticed an ice beast
  3629 | D:3      | Reached XP level 5. HP: 39/41 MP: 2/9
  3830 | D:3      | Reached skill level 1 in Unarmed Combat
  4445 | D:3      | Noticed Robin
  4448 | D:3      | Killed Robin
  4449 | D:3      | Reached skill level 5 in Conjurations
  4816 | D:4      | Noticed Sigmund
  4828 | D:4      | Killed Sigmund
  4829 | D:4      | Reached XP level 6. HP: 50/50 MP: 1/11
  5598 | D:4      | Found a runed translucent door.
  5599 | D:4      | Noticed Flure's ghost (amateur DgTm)
  5630 | D:4      | Your scales start taking on a lurid green colour.
  5630 | D:4      | Reached XP level 7. HP: 56/56 MP: 8/13
  5630 | D:4      | Gained mutation: Your system is resistant to poisons.
                  | (rPois) [Green Draconian growth]
  6466 | D:4      | Killed Flure's ghost
  6467 | D:4      | Reached skill level 6 in Conjurations
  6652 | D:5      | Entered Level 5 of the Dungeon
  6751 | D:5      | Reached skill level 5 in Spellcasting
  6751 | D:5      | Reached XP level 8. HP: 51/64 MP: 8/15
  7458 | D:5      | Found a snail-covered altar of Cheibriados.
  7594 | D:5      | Identified the cursed +0 helmet of Fashionability {rElec
                  | Int+2} (You found it on level 5 of the Dungeon)
  8836 | D:6      | Found a staircase to the Ecumenical Temple.
  8846 | Temple   | Entered the Ecumenical Temple
  8982 | Temple   | Became a worshipper of Qazlal Stormbringer
  9086 | D:6      | Noticed Blork the orc
  9094 | D:6      | Killed Blork the orc
  9139 | D:6      | Found a shimmering blue altar of Sif Muna.
  9480 | D:7      | Reached XP level 9. HP: 62/72 MP: 10/17
  9817 | D:7      | Reached skill level 1 in Invocations
  9931 | D:7      | Reached skill level 5 in Unarmed Combat
 10126 | D:7      | Reached skill level 5 in Fighting
 10126 | D:7      | Reached skill level 7 in Conjurations
 10735 | D:7      | Reached * piety under Qazlal
 10900 | D:7      | Reached skill level 5 in Dodging
 11630 | D:8      | Reached XP level 10. HP: 83/83 MP: 10/20
 12940 | D:9      | Reached skill level 8 in Conjurations
 12967 | D:9      | Reached ** piety under Qazlal
 14168 | D:10     | Entered Level 10 of the Dungeon
 14603 | D:9      | HP: 4/84 [slime creature (10)]
 15636 | D:10     | Noticed a death yak
 15637 | D:10     | Noticed a death yak
 15637 | D:10     | Noticed a death yak
 16481 | D:10     | Reached *** piety under Qazlal
 16733 | D:10     | Slain by a death yak

Illustrated notes

Levels and vault maps discovered:
D:1:      minmay_arrival_jagged, layout_loops_corners, minmay_octomino_c4
D:2:      layout_basic, lemuel_round_altar, chequers_ecumenical_altar_simple,
          hangedman_feature_mirror
D:3:      layout_basic, uniq_robin
D:4:      layout_basic, ebering_ghost_sewer_d, uniq_sigmund
D:5:      kennysheep_kobold_camp, layout_basic, general_overflow_altar
D:6:      layout_rooms, temple_hall, hangedman_decor_riveting, tgw_sif,
          uniq_blork_the_orc
D:7:      layout_loops_ring, palyth_stone_intersect
D:8:      layout_basic
D:9:      layout_stronghold, st_stairs_10
D:10:     layout_small_grid, dpeg_lair_monsters, hiddenorc1_lemuel
Temple:   regret_index_temple_chain_breaker

Skill      XL: |  1  2  3  4  5  6  7  8  9 10 |
---------------+-------------------------------+-----
Fighting       | 1 2 3 4 5 6 |  6.6
Stealth        | 2 3 |  3.5
Spellcasting   | 3 4 5 6 7 |  7.9
Unarmed Combat | 1 2 4 5 6 |  6.6
Conjurations   | 5 6 7 8 |  8.7
Dodging        | 2 4 5 6 |  6.3
Invocations    | 3 4 |  4.8
Throwing       | |  0.7
Shields        | |  0.6

Action                   |  1- 3 |  4- 6 |  7- 9 | 10-12 || total
-------------------------+-------+-------+-------+-------++-------
Melee: Unarmed           |    41 |    95 |   332 |   151 ||   619
       Tailslap          |     5 |     5 |    24 |    13 ||    47
       Punch             |       |       |     4 |     4 ||     8
Throw: Javelin           |       |     6 |       |       ||     6
 Cast: Magic Dart        |    83 |   100 |    81 |    99 ||   363
       Searing Ray       |     1 |    18 |    54 |    51 ||   124
 Abil: Breathe Noxious F |       |       |    21 |    11 ||    32
Evoke: Wand              |       |       |       |     4 ||     4
  Use: Scroll            |     1 |       |     2 |       ||     3
       Potion            |       |       |     9 |     1 ||    10
 Stab: Sleeping          |       |     1 |     1 |       ||     2
       Confused          |       |       |     3 |     1 ||     4
Armor: Skin              |    12 |    36 |   120 |    93 ||   261
Dodge: Dodged            |    33 |    71 |   270 |   200 ||   574
Block: Other             |       |       |     1 |    31 ||    32

Table legend: (Time is in decaauts)
 A = Elapsed time spent in this place.
 B = Non-inter-level travel time spent in this place.
 C = Inter-level travel time spent in this place.
 D = Time resting spent in this place.
 E = Time spent auto-exploring this place.
 F = Levels seen in this place.
 G = Mean time per level.
                   A        B        C        D        E       F      G
               +--------+--------+--------+--------+--------+-----+--------+
         Total |  16688 |  16197 |    491 |   2757 |  10753 |  11 | 1517.1 |
       Dungeon |  16547 |  16060 |    487 |   2757 |  10650 |  10 | 1654.7 |
        Temple |    141 |    137 |      4 |      0 |    103 |   1 |  141.0 |
               +--------+--------+--------+--------+--------+-----+--------+

Top non-repeatable levels by time:
     D:9: 3163 daAuts
     D:2: 2077 daAuts
     D:4: 1854 daAuts
     D:6: 1691 daAuts
     D:7: 1545 daAuts
     D:5: 1536 daAuts
     D:1: 1458 daAuts
     D:8: 1256 daAuts
     D:3: 1243 daAuts
    D:10: 719 daAuts
  Temple: 141 daAuts
